 Dungeon Crawl Stone Soup version 0.23.2 (webtiles) character file.

Game seed: 12047276768869322882

11718 Borgoz the Nimble (level 11, -3/92 HPs)
             Began as a Ghoul Gladiator on Apr 3, 2019.
             Was a Believer of Ashenzari.
             Slain by a gargoyle
             ... wielding a +0 mace
              (13 damage)
             ... on level 12 of the Dungeon.
             The game lasted 00:18:29 (11254 turns).

Borgoz the Nimble (Ghoul Gladiator)                Turns: 11254, Time: 00:18:30

Health: -3/92      AC:  8    Str: 27    XL:     11   Next: 82%
Magic:  14/14      EV: 16    Int:  5    God:    Ashenzari [**....]
Gold:   755        SH:  0    Dex: 11    Spells: 12/16 levels left

rFire    . . .     SeeInvis .   n - +2 dagger (drain) (curse)
rCold    + . .     Gourm    .   (no shield)
rNeg     + + +     Faith    .   x - +0 leather armour (curse)
rPois    ∞         Spirit   .   c - +0 helmet
rElec    .         Reflect  .   (no cloak)
rCorr    .         Harm     .   (no gloves)
MR       .....                  L - +2 pair of boots
Stlth    +++.......             p - amulet of regeneration
HPRegen  0.00/turn              i - +3 ring of strength (curse)
MPRegen  0.14/turn              z - +4 ring of slaying (curse)

@: mighty, barbed spikes, rotting
A: rotting body, claws 1, carnivore, cold resistance 1, negative energy
resistance 3, inhibited regeneration, torment resistance, unbreathing
a: Curse Item, Scrying, Renounce Religion


You were on level 12 of the Dungeon.
You worshipped Ashenzari.
Ashenzari was pleased with you.
You were not hungry.

You visited 2 branches of the dungeon, and saw 13 of its levels.

You collected 755 gold pieces.

Inventory:

Hand Weapons
 a - a +0 rapier
 n - a cursed +2 dagger of draining (weapon)
 y - the cursed +0 war axe of the Spider Nest {antimagic, Str+2}
   (You found it on level 4 of the Dungeon)

   It reduces the magical energy of the wielder, and disrupts the spells and
   magical abilities of those hit.
   Natural abilities and divine invocations are not affected.
   It affects your strength (+2).
   It has a curse placed upon it.
 K - a +3 dagger of draining
Missiles
 d - 4 throwing nets (quivered)
 r - 7 javelins of returning
 H - 5 tomahawks
Armour
 c - a +0 helmet (worn)
 x - a cursed +0 leather armour (worn)
 C - a +1 chain mail of fire resistance
 L - a +2 pair of boots (worn)
Jewellery
 i - a cursed +3 ring of strength (left claw)
 p - an amulet of regeneration (around neck)
 z - a cursed +4 ring of slaying (right claw)
 E - a +2 ring of intelligence
 O - a +5 ring of intelligence
 Q - an uncursed ring of wizardry
Wands
 B - a wand of iceblast (8)
 I - a wand of disintegration (14)
Scrolls
 b - 2 scrolls of immolation {unknown}
 e - 5 scrolls of remove curse
 g - 2 scrolls of blinking
 h - 3 scrolls of random uselessness {unknown}
 j - a scroll of fog
 k - a scroll of amnesia {unknown}
 l - a scroll of fear {unknown}
 o - 4 scrolls of enchant weapon
 q - 6 scrolls of teleportation {unknown}
 s - 2 scrolls of enchant armour {unknown}
 G - a scroll of torment {unknown}
 M - 2 scrolls of magic mapping {unknown}
 N - 2 scrolls of identify
 P - a scroll of noise {unknown}
Potions
 m - 2 potions of flight
 u - a potion of resistance
 v - 2 potions of cancellation
 w - a potion of magic
 A - a potion of brilliance
 F - a potion of haste
 J - a potion of agility
Comestibles
 f - 18 rations


   Skills:
 + Level 7.1 Fighting
 * Level 8.6(10.8) Short Blades
 - Level 1.7 Throwing
 * Level 8.1 Armour
 * Level 8.6 Dodging
 + Level 7.3 Stealth
 + Level 3.0 Spellcasting
 + Level 3.0(4.3) Hexes


You had 12 spell levels left.
You knew the following spells:

 Your Spells              Type           Power        Failure   Level  Hunger
a - Confusing Touch       Hex            #.....       8%          1    ##.....
b - Confuse               Hex            #.......     22%         3    ####...

Your spell library contained the following spells:

 Spells                   Type           Power        Failure   Level  Hunger
 Sandblast                Erth           #.....       38%         1    ##.....
 Summon Small Mammal      Summ           #...         38%         1    ##.....
 Summon Guardian Golem    Hex/Summ       #.......     45%         3    ####...
 Call Imp                 Summ           #.......     52%         2    ###....
 Passwall                 Tmut/Erth      #.......     52%         2    ###....
 Call Canine Familiar     Summ           #.......     77%         3    ####...
 Gell's Gravitas          Tloc           #.........   77%         3    ####...
 Stone Arrow              Conj/Erth      #.....       77%         3    ####...
 Petrify                  Tmut/Erth      #.......     99%         4    #####..
 Summon Ice Beast         Ice/Summ       #.......     99%         4    #####..
 Summon Lightning Spire   Summ/Air       #.......     99%         4    #####..
 Metabolic Englaciation   Hex/Ice        #.........   99%         5    ######.
 Yara's Violent Unravell  Hex/Tmut       #.........   99%         5    ######.
 Lee's Rapid Deconstruct  Erth           #.........   100%        5    ######.


Dungeon Overview and Level Annotations

Branches:
Dungeon (12/15)            Temple (1/1) D:7            Lair (0/6) D:11
    Orc (0/2) D:9

Altars:
Ashenzari
Cheibriados
Dithmenos
Elyvilon
Fedhas
Gozag
Hepliaklqana
Kikubaaqudgha
Makhleb
Nemelex Xobeh
Okawaru
Qazlal
Ru
Sif Muna
Trog
Uskayaw
Vehumet
Wu Jian
Xom
Yredelemnul
Zin
The Shining One

Shops:
D:4 (   D:9 (=

Annotations:
D:9 3 runed translucent doors


Innate Abilities, Weirdness & Mutations

Your body is rotting away.
You thrive on raw meat.
You are immune to poison.
You have sharp fingernails.
You are carnivorous and can eat meat at any time.
Your flesh is cold resistant. (rC+)
You are immune to negative energy. (rN+++)
You do not regenerate when monsters are visible.
You are immune to unholy pain and torment.
You can survive without breathing.


Message History

Eat a chunk of flesh? (ye/n/q)
You eat the chunk of flesh.
This raw flesh tastes great!
The gargoyle closely misses you. The manticore completely misses you.
The manticore claws you!
* * * LOW HITPOINT WARNING * * *
The manticore claws you.
* * * LOW HITPOINT WARNING * * *
The manticore bites you but does no damage.
The manticore barely misses you.
The manticore claws you but does no damage.
Okay, then.
Unknown command.
Okay, then.
Okay, then.
You barely miss the manticore.
The manticore is lightly wounded.
You puncture the manticore!
The manticore is moderately wounded.
The gargoyle hits you with a +0 mace!
You die...

, ##.##..........#E#.
#..!.#..............###.
* *
#........(.....)...#....
* ,
........................
,.<......................
....................###.
,
....................#E#.
.........=..........# #.
,,,
......9@.........##....#
......HH.........# #...#
* ##................#
#### ,*
#................## ,
##.............### , *
.....#........... *
.#..##.###.......# * ,
#.. ##* ##......# , *


You could see 2 manticores and a gargoyle.

Vanquished Creatures
  2 two-headed ogres
  Urug (D:10)
  2 centaur zombies (D:11)
  Grinder (D:4)
  A hippogriff (D:10)
  2 wyverns
  21 yaks
  A spriggan (D:9)
  Grum (D:9)
  A hungry ghost (D:10)
  Menkaure (D:7)
  Edmund (D:4)
  A porcupine (D:11)
  3 orc warriors
  A phantom (D:7)
  3 ice beasts
  2 sky beasts
  2 black bears (D:11)
  A necrophage (D:10)
  3 ogres
  5 centaurs
  3 wolves (D:9)
  2 big kobolds
  9 bullfrogs
  A gnoll sergeant (D:10)
  A wyvern skeleton (D:12)
  3 scorpions
  5 killer bees
  10 wights (D:10)
  A howler monkey (D:10)
  6 crimson imps
  2 bullfrog zombies
  2 orc priests (D:11)
  3 hounds
  A jelly (D:11)
  2 bullfrog skeletons
  A centaur skeleton (D:11)
  Jessica (D:2)
  3 iguanas
  3 orc wizards
  9 worker ants
  A hound zombie (D:5)
  A worker ant zombie (D:10)
  13 adders
  25 gnolls
  A shadow imp (D:7)
  3 oozes
  3 adder skeletons
  2 worms
  A dart slug (D:4)
  11 leopard geckos
  30 orcs
  3 giant cockroaches
  4 goblins
  4 hobgoblins
  6 jackals
  A quokka (D:3)
  7 bats
  2 frilled lizards
  A jackal zombie (D:5)
  16 kobolds
  A leopard gecko skeleton (D:4)
  2 quokka skeletons
  9 rats
271 creatures vanquished.

Vanquished Creatures (others)
  4 fungi (D:11)
4 creatures vanquished.

Grand Total: 275 creatures vanquished

Notes
Turn   | Place    | Note
-------+----------+-------------------------------------------
     0 | D:1      | Borgoz the Ghoul Gladiator began the quest for the Orb.
     0 | D:1      | Reached XP level 1. HP: 17/17 MP: 0/0
    55 | D:1      | Reached XP level 2. HP: 19/24 MP: 1/1
   227 | D:1      | Reached skill level 1 in Armour
   227 | D:1      | Reached XP level 3. HP: 18/29 MP: 2/2
   537 | D:1      | Reached skill level 1 in Stealth
   998 | D:2      | Noticed Jessica
  1010 | D:2      | Killed Jessica
  1010 | D:2      | Reached XP level 4. HP: 34/35 MP: 3/3
  1914 | D:2      | Reached XP level 5. HP: 38/41 MP: 4/4
  2366 | D:3      | Reached XP level 6. HP: 40/51 MP: 5/5
  2617 | D:3      | Found a deep blue altar of Sif Muna.
  2722 | D:4      | Got a twisted war axe
  3029 | D:4      | Noticed Edmund
  3059 | D:4      | Killed Edmund
  3059 | D:4      | Reached XP level 7. HP: 44/57 MP: 6/6
  3176 | D:4      | Noticed Grinder
  3179 | D:4      | Paralysed by Grinder for 3 turns
  3206 | D:4      | Paralysed by Grinder for 7 turns
  3221 | D:4      | Killed Grinder
  3533 | D:4      | Found Itaoney's Weapon Shop.
  3662 | D:5      | Entered Level 5 of the Dungeon
  3929 | D:5      | Reached XP level 8. HP: 64/64 MP: 7/7
  3956 | D:5      | Identified the cursed +0 war axe of the Spider Nest
                  | {antimagic, Str+2} (You found it on level 4 of the Dungeon)
  4237 | D:5      | Reached skill level 5 in Dodging
  4345 | D:5      | Reached skill level 5 in Short Blades
  4554 | D:6      | You fall through a shaft for 2 floors!
  5188 | D:6      | Noticed a +0 hand axe
  5188 | D:6      | Noticed a +0 dagger
  5193 | D:6      | Found a hide-covered altar of Uskayaw.
  5202 | D:6      | Reached XP level 9. HP: 72/72 MP: 8/8
  5420 | D:6      | Reached skill level 5 in Armour
  5677 | D:7      | Noticed Menkaure
  5682 | D:7      | Killed Menkaure
  5803 | D:7      | Reached skill level 5 in Fighting
  5815 | D:7      | Found a white marble altar of Elyvilon.
  6130 | D:7      | Found a staircase to the Ecumenical Temple.
  6321 | Temple   | Entered the Ecumenical Temple
  6328 | Temple   | Became a worshipper of Ashenzari the Shackled
  6435 | D:7      | Found a snail-covered altar of Cheibriados.
  6859 | D:8      | Noticed a two-headed ogre
  6867 | D:8      | Killed a two-headed ogre
  6867 | D:8      | Reached skill level 5 in Stealth
  7213 | D:9      | Found a staircase to the Orcish Mines.
  7213 | D:9      | Found Xaluz's Weapon Boutique.
  7260 | D:9      | Found Noesoruu's Jewellery Shoppe.
  7275 | D:9      | Found a sparkling altar of Nemelex Xobeh.
  7296 | D:9      | Found a runed translucent gate.
  7297 | D:9      | Found a runed translucent gate.
  7297 | D:9      | Found a runed translucent gate.
  7297 | D:9      | Noticed a purple very ugly thing
  7298 | D:9      | Noticed a cyan ugly thing
  7298 | D:9      | Noticed a cyan ugly thing
  7298 | D:9      | Noticed a white ugly thing
  7303 | D:9      | Found an ancient bone altar of Kikubaaqudgha.
  7315 | D:9      | Reached XP level 10. HP: 83/83 MP: 9/9
  7326 | D:9      | Learned a level 1 spell: Confusing Touch
  7348 | D:9      | Noticed Grum
  7373 | D:9      | Killed Grum
  7720 | D:9      | Reached skill level 1 in Spellcasting
  7790 | D:9      | Found a radiant altar of Vehumet.
  7914 | D:9      | Noticed a brown ugly thing
  7914 | D:9      | Noticed a purple ugly thing
  8022 | D:10     | Entered Level 10 of the Dungeon
  8090 | D:10     | Reached * piety under Ashenzari
  8138 | D:10     | Reached skill level 1 in Hexes
  8467 | D:10     | Learned a level 3 spell: Confuse
  9024 | D:10     | Noticed Urug
  9043 | D:10     | Killed Urug
  9043 | D:10     | Reached XP level 11. HP: 30/91 MP: 11/13
  9544 | D:11     | Noticed a green ugly thing
  9837 | D:11     | Reached ** piety under Ashenzari
  9917 | D:11     | Noticed a two-headed ogre
  9928 | D:11     | Killed a two-headed ogre
 10781 | D:11     | Found a staircase to the Lair.
 11201 | D:12     | Found a stormy altar of Qazlal.
 11233 | D:12     | Noticed a manticore
 11240 | D:12     | Noticed a manticore
 11248 | D:12     | HP: 2/92 [manticore (5)]
 11254 | D:12     | Slain by a gargoyle

Skill      XL: |  1  2  3  4  5  6  7  8  9 10 11 |
---------------+----------------------------------+-----
Short Blades   | 3 4 5 6 7 8 |  8.6
Armour         | 1 2 3 4 6 7 8 |  8.1
Dodging        | 3 4 5 6 7 8 |  8.6
Stealth        | 1 2 3 4 5 6 7 |  7.3
Fighting       | 3 4 5 6 7 |  7.1
Spellcasting   | 2 3 |  3.0
Hexes          | 2 3 |  3.0
Throwing       | |  1.7

Action                   |  1- 3 |  4- 6 |  7- 9 | 10-12 || total
-------------------------+-------+-------+-------+-------++-------
Melee: Rapier            |    78 |       |       |       ||    78
       Dagger            |    12 |   251 |   371 |   663 ||  1297
Throw: Throwing net      |     2 |     1 |     3 |     1 ||     7
Invok: Curse Item        |       |       |       |     2 ||     2
Evoke: Wand              |       |       |     4 |     6 ||    10
  Use: Potion            |     1 |       |     4 |     7 ||    12
       Scroll            |     2 |       |     8 |     4 ||    14
 Stab: Held in net/web   |     1 |       |       |       ||     1
       Sleeping          |     2 |       |     9 |     8 ||    19
       Paralysed         |       |       |       |     1 ||     1
  Eat: Chunk             |     5 |    10 |    25 |    32 ||    72
Armor: Leather armour    |    25 |    50 |    45 |    76 ||   196
Dodge: Dodged            |    54 |   172 |   215 |   333 ||   774
